 Dungeon Crawl Stone Soup version 0.22.1-2-g9c5b331383 (webtiles) character file.

1177 Lothor the Cleaver (level 8, -8/64 HPs)
             Began as a Minotaur Fighter on Nov 26, 2018.
             Mangled by a two-headed ogre
             ... wielding a +0 giant club
              (15 damage)
             ... on level 5 of the Dungeon.
             The game lasted 00:17:59 (3918 turns).

Lothor the Cleaver (Minotaur Fighter)               Turns: 3918, Time: 00:17:59

Health: -8/64      AC:  8    Str: 22    XL:     8   Next: 18%
Magic:  7/7        EV:  7    Int:  5    God:
Gold:   215        SH:  9    Dex: 11    Spells: 7/7 levels left

rFire    x . .     SeeInvis .   a - +0 war axe
rCold    + . .     Gourm    .   c - +0 shield
rNeg     . . .     Faith    .   b - +0 scale mail
rPois    .         Spirit   .   (helmet restricted)
rElec    .         Reflect  .   (no cloak)
rCorr    .         Harm     .   h - +0 pair of gloves
MR       .....                  (no boots)
Stlth    +.........             (no amulet)
HPRegen  0.20/turn              n - ring of stealth
MPRegen  0.10/turn              u - ring of ice

@: no status effects
A: retaliatory headbutt, horns 2
a: no special abilities


You were on level 5 of the Dungeon.
You were not hungry.

You visited 1 branch of the dungeon, and saw 5 of its levels.

You collected 215 gold pieces.

Inventory:

Hand Weapons
 a - a +0 war axe (weapon)
Missiles
 i - 9 sling bullets
 l - 57 arrows
 r - 15 bolts
Armour
 b - a +0 scale mail (worn)
 c - a +0 shield (worn)
 h - a +0 pair of gloves (worn)
Jewellery
 n - a ring of stealth (left hand)
 u - a ring of ice (right hand)
Wands
 y - a wand of paralysis (5)
Scrolls
 g - a scroll of enchant weapon {unknown}
 j - a scroll of blinking {unknown}
 k - 2 scrolls of random uselessness {unknown}
 q - 2 scrolls of teleportation {unknown}
 v - a scroll of noise {unknown}
 w - a scroll of fear {unknown}
 x - 2 scrolls of remove curse {unknown}
 B - a scroll of immolation {unknown}
 C - a scroll of identify {unknown}
Potions
 d - a potion of might
 e - a potion of brilliance {unknown}
 m - a potion of lignification {unknown}
 o - a potion of degeneration {unknown}
 p - a potion of mutation {unknown}
 s - 2 potions of curing {unknown}
 t - a potion of haste {unknown}
 A - a potion of heal wounds {unknown}
Comestibles
 f - 10 rations
 z - 8 chunks of flesh


   Skills:
 - Level 3.6 Fighting
 + Level 11.6 Axes
 - Level 3.6 Armour
 - Level 3.6 Shields


You had 7 spell levels left.
You didn't know any spells.
Your spell library contained the following spells:

 Spells                   Type           Power        Failure   Level  Hunger
 Shock                    Conj/Air       #...         99%         1    ##.....
 Swiftness                Chrm/Air       #.......     100%        2    ###....
 Static Discharge         Conj/Air       #.......     100%        3    ####...
 Airstrike                Air            #.........   100%        4    #####..
 Lightning Bolt           Conj/Air       #.........   100%        5    ######.


Dungeon Overview and Level Annotations

Branches:
Dungeon (5/15)
 Temple: D:4-7

Altars:
Elyvilon
Fedhas
Hepliaklqana
Okawaru
Qazlal
Sif Muna
Xom
Zin


Innate Abilities, Weirdness & Mutations

You reflexively headbutt those who attack you in melee.
You have a pair of horns on your head.


Message History

You slash the two-headed ogre! You headbutt the two-headed ogre.
The two-headed ogre is lightly wounded.
The two-headed ogre hits you with a giant club!!
The two-headed ogre barely misses you.
You hit the two-headed ogre but do no damage.
The two-headed ogre is lightly wounded.
You block the two-headed ogre's attack. The two-headed ogre barely misses you.
Some of the chunks of flesh in your inventory have rotted away.
You slash the two-headed ogre!
Your headbutt misses the two-headed ogre.
The two-headed ogre is moderately wounded.
The two-headed ogre hits you with a giant club!
The two-headed ogre hits you with a giant spiked club!!
* * * LOW HITPOINT WARNING * * *
You slash the two-headed ogre! You headbutt the two-headed ogre!
The two-headed ogre is severely wounded.
You hit the two-headed ogre. You headbutt the two-headed ogre!
The two-headed ogre is almost dead.
The two-headed ogre hits you with a giant club!
You die...

..#....#
.##...#.....##
..#....#
......#......#
..#....#
.....##....## #....#
.....##....## #....#
.....#.....#
#....#.....#
##....#.....#
#..O..#.....#
#..@..#.....#
#.....#.....#
##..###..###########
###..###..####.......
+..........'........#
#..........#........#
#..........#........#
##..###..###).....###
### #########'#####


You could see a two-headed ogre.

Vanquished Creatures
  Grinder (D:5)
  Sigmund (D:3)
  An ice beast (D:5)
  An ogre (D:5)
  2 scorpions (D:4)
  A crimson imp (D:5)
  2 howler monkeys
  A hound (D:5)
  4 orc wizards
  An iguana (D:4)
  A worker ant (D:4)
  2 hound skeletons (D:4)
  11 adders
  2 worms
  3 dart slugs
  4 leopard geckos
  10 orcs
  4 giant cockroaches
  9 goblins
  13 hobgoblins
  17 jackals
  2 quokkas
  8 bats
  8 frilled lizards
  8 kobolds
  6 rats
123 creatures vanquished.

Notes
Turn   | Place    | Note
-------+----------+-------------------------------------------
     0 | D:1      | Lothor the Minotaur Fighter began the quest for the Orb.
     0 | D:1      | Reached XP level 1. HP: 19/19 MP: 0/0
    85 | D:1      | Reached skill level 3 in Axes
   199 | D:1      | Reached XP level 2. HP: 26/26 MP: 1/1
   935 | D:2      | Reached skill level 4 in Axes
  1184 | D:2      | Reached XP level 3. HP: 31/31 MP: 2/2
  1231 | D:2      | Found a blossoming altar of Fedhas.
  1325 | D:2      | Found a hazy altar of Hepliaklqana.
  1326 | D:2      | Found a shimmering altar of Xom.
  1326 | D:2      | Noticed a yak
  1327 | D:2      | Noticed a spectral ugly thing
  1327 | D:2      | Noticed a yak
  1406 | D:2      | Found a white marble altar of Elyvilon.
  1413 | D:2      | Reached skill level 5 in Axes
  1522 | D:2      | Reached XP level 4. HP: 39/39 MP: 3/3
  2051 | D:3      | Reached skill level 6 in Axes
  2322 | D:3      | Reached XP level 5. HP: 45/45 MP: 4/4
  2335 | D:3      | Reached skill level 7 in Axes
  2738 | D:3      | Noticed Sigmund
  2761 | D:3      | Killed Sigmund
  2761 | D:3      | Reached skill level 8 in Axes
  2761 | D:3      | Reached XP level 6. HP: 8/51 MP: 5/5
  3209 | D:4      | Reached skill level 9 in Axes
  3221 | D:4      | Found an iron altar of Okawaru.
  3308 | D:4      | Reached XP level 7. HP: 54/57 MP: 6/6
  3510 | D:4      | Found a glowing silver altar of Zin.
  3517 | D:4      | Found a stormy altar of Qazlal.
  3521 | D:4      | Found a deep blue altar of Sif Muna.
  3677 | D:5      | Entered Level 5 of the Dungeon
  3698 | D:5      | Reached skill level 10 in Axes
  3726 | D:5      | Noticed Grinder
  3747 | D:5      | Killed Grinder
  3747 | D:5      | Reached skill level 11 in Axes
  3747 | D:5      | Reached XP level 8. HP: 48/64 MP: 7/7
  3906 | D:5      | Noticed a two-headed ogre
  3918 | D:5      | Mangled by a two-headed ogre

Skill      XL: |  1  2  3  4  5  6  7 |
---------------+----------------------+-----
Axes           | 3 4 5 6 8 9 11 | 11.6
Fighting       | |  3.6
Armour         | |  3.6
Shields        | |  3.6

Action                   |  1- 3 |  4- 6 |  7- 9 || total
-------------------------+-------+-------+-------++-------
Melee: War axe           |    95 |   156 |    67 ||   318
       Headbutt          |    11 |    24 |    12 ||    47
  Eat: Chunk             |     2 |     6 |     2 ||    10
Armor: Scale mail        |    45 |    70 |    19 ||   134
Dodge: Dodged            |    30 |    48 |    16 ||    94
Block: Shield            |    38 |    93 |    25 ||   156
